 Dungeon Crawl Stone Soup version 0.17.1-2-g5865329 (webtiles) character file.

85 Tomstefer the Skirmisher (level 4, -1/55 HPs)
             Began as a Demonspawn Berserker on Feb 8, 2016.
             Was a Believer of Trog.
             Shot with a stone by a goblin (3 damage)
             ... led by Robin
             ... on level 2 of the Dungeon.
             The game lasted 00:06:42 (1918 turns).

Tomstefer the Skirmisher (Demonspawn Berserker)     Turns: 1918, Time: 00:06:44

Health: -1/55      AC:  6    Str: 23    XL:     4   Next: 25%
Magic:  4/4        EV: 12    Int:  9    God:    Trog [**....]
Gold:   65         SH:  0    Dex: 12    Spells: 0 memorised, 3 levels left

rFire  . . .     SeeInvis .     a - +0 falchion
rCold  + . .     Clarity  .     b - +0 animal skin
rNeg   . . .     SustAt   .     (no shield)
rPois  .         Gourm    .     (helmet restricted)
rElec  .         Spirit   .     (no cloak)
rCorr  .         Warding  .     (no gloves)
rMut   .         Stasis   .     (no boots)
MR     .....                    e - amulet of inaccuracy (curse)
Stlth  ..........               (no ring)
                                (no ring)

@: berserking (expiring), lethally poisoned (-1 -> -2), very quick, not
resistant to hostile enchantments, extremely unstealthy
A: horns 1, iridescent scales 1, cold resistance 1
a: Berserk, Trog's Hand, Burn Spellbooks, Renounce Religion


You were on level 2 of the Dungeon.
You worshipped Trog.
Trog was pleased with you.
You were not hungry.

You visited 1 branch of the dungeon, and saw 2 of its levels.

You collected 65 gold pieces.

Inventory:

Hand Weapons
 a - a +0 falchion (weapon)
Armour
 b - a +0 animal skin (worn)
Jewellery
 e - a cursed amulet of inaccuracy (around neck)
Scrolls
 d - a scroll of identify {unknown}
 f - 2 scrolls of teleportation {unknown}
 g - a scroll of enchant weapon {unknown}
 h - 2 scrolls of recharging {unknown}
 i - a scroll of fog {unknown}
 j - a scroll of remove curse {unknown}
 k - a scroll of blinking {unknown}
 m - a scroll of amnesia {unknown}
Comestibles
 c - 2 bread rations
 l - 4 chunks of flesh


   Skills:
 + Level 3.8 Fighting
 + Level 3.5 Long Blades
 + Level 2.5 Armour
 - Level 1.8 Dodging
 - Level 0.2 Stealth


You had 3 spell levels left.
You didn't know any spells.

Dungeon Overview and Level Annotations

Branches:
Dungeon (2/15)

Altars:

Annotations:
D:2 Robin


Innate Abilities, Weirdness & Mutations

You have a pair of small horns on your head.
You are partially covered in iridescent scales (AC +4).
Your flesh is cold resistant.


Message History

You feel sick. The gnoll barely misses you. The gnoll barely misses you.
The adder misses you.
Unknown command.
The gnoll barely misses you. The gnoll misses you.
Things that are here:
a whip; a club You barely miss the gnoll.
The adder bites you but does no damage.
You closely miss the gnoll. The adder bites you but does no damage.
The gnoll hits you but does no damage. x2
You barely miss the gnoll.
You headbutt the gnoll, but do no damage.
The adder bites you but does no damage. The gnoll hits you but does no damage.
The gnoll barely misses you.
You slash the gnoll!
You kill the gnoll!
Trog accepts your kill.
You feel sick. The adder barely misses you. The gnoll hits you with a spear.
* * * LOW HITPOINT WARNING * * *
The goblin shoots a stone.
The stone hits you.
You die...

######........######.# #.#
# #........######.# #.# #
#........#......####.# #
#........#........##.# #
#........#........##.# #
#.................##.# #
#.........#.......##.#####
#..(.....S#.......##.....#
#........@)g.†..>.######.#
#....#####g####'### #.#
#....# #..# #.# #.# #....#
###'###S# #.# ######
#......g# #.# #.....gg#
#.# #.......# #.#
#.......# #.# #.......#
#.#


You could see a gnoll, an adder and a goblin.

Vanquished Creatures
  2 gnolls (D:2)
  2 adders (D:2)
  6 bats
  4 giant cockroaches
  12 goblins
  5 hobgoblins
  5 kobolds (D:1)
  2 ball pythons (D:2)
  3 giant newts
  6 rats (D:1)
47 creatures vanquished.

Notes
Turn   | Place    | Note
--------------------------------------------------------------
     0 | D:1      | Tomstefer the Demonspawn Berserker began the quest for the Orb.
     0 | D:1      | Reached XP level 1. HP: 18/18 MP: 1/1
   606 | D:1      | Gained mutation: Your flesh is cold resistant. [demonic ancestry]
   606 | D:1      | Reached XP level 2. HP: 24/24 MP: 2/2
   924 | D:1      | Reached ** piety under Trog
  1626 | D:2      | Gained mutation: You are partially covered in iridescent scales (AC +4). [demonic ancestry]
  1626 | D:2      | Reached XP level 3. HP: 29/29 MP: 3/3
  1837 | D:2      | Noticed Robin
  1913 | D:2      | Gained mutation: You have a pair of small horns on your head. [demonic ancestry]
  1913 | D:2      | Reached XP level 4. HP: 4/37 MP: 4/4
  1918 | D:2      | HP: 2/55 [gnoll/spear (1)]
  1918 | D:2      | Shot with a stone by a goblin

Action                   |  1- 3 |  4- 6 || total
-------------------------+-------+-------++-------
Melee: Falchion          |   136 |     4 ||   140
Invok: Berserk           |     4 |       ||     4
       Trog's Hand       |     3 |       ||     3
 Stab: Sleeping          |     2 |       ||     2
  Eat: Chunk             |     3 |       ||     3
       Meat ration       |     1 |       ||     1
